Kringle, chaotic male elven Priest ---###------------------ ---- ----- |.|-[-|................| |..----.|..- |.|...|.......f..u.....| |....|...[.. |.....-..--|--..@......| --.........|# |.....|..|...|..-----..| . |........--- #|..----..|...|--- |..--|---+- --.---...| .........|...| +.............- ------ |.)-| |........|---| |......--+- | ----.-- ---..[--- |..-.-...|(((|+------..{...| --.|...---...<...| |.|. +...|(((|.............| |............)...----.|. |...|...|-+-.....---.-- |.....).).........--..----...--|-|.....-|-| .. --..---.............-...|.....(..[........| -- ---- |-........--.........#.....-..-.....| |........-----....|-....{...........| --................--..|....#..[..)..- ----....------.......|-................... ---.-- ------..|------..------ ...........| --- ---- |... - .....----- --.-- --- -- --- Kringle the Adept Experience level: 6 Strength: 18 Dexterity: 6 Constitution: 14 Intelligence: 9 Wisdom: 18 Charisma: 10 Health: 0(41) Energy: 91(91) Def: 7 Gold: 169 Moves: 2384 Dungeon seed: w8xhysenoOt8mZg6 Game ID: Kringle_1615049859 Your Inventory: Coins $ - 169 gold pieces Weapons a - a blessed +1 mace (weapon in hand) t - 10 +0 arrows (in quiver) u - a +0 bow (alternate weapon; not wielded) w - a +0 knife Armor e - a blessed +0 robe (being worn) n - a blessed +1 small shield (being worn) r - a +0 orcish helm (being worn) A - a +0 pair of iron shoes B - a +0 pair of iron shoes (being worn) Comestibles c - a clove of garlic d - a sprig of wolfsbane i - a fortune cookie m - a pancake o - a food ration p - 2 slime molds P - 2 cream pies S - a lizard corpse Scrolls F - 2 scrolls of light I - a scroll of identify Spellbooks f - a spellbook of healing g - a spellbook of detect monsters Potions b - 3 potions of holy water J - a blessed potion of restore ability Wands T - a wand of nothing (0:6) U - a wand of magic missile (0:2) Tools h - a bell v - 26 tallow candles (0:200) x - 14 wax candles (0:400) H - a credit card V - a blessed tallow candle (0:200) Gems q - 2 worthless pieces of orange glass s - a luckstone y - 2 worthless pieces of green glass z - a worthless piece of yellowish brown glass N - a fluorite stone O - a worthless piece of white glass Y - 2 worthless pieces of red glass Spells and supernatural/magical abilities: Name Level Category Fail Memory h - healing 1 healing 0% 89% n - detect monsters 1 divination 0% 89% W - pray for help -- divine ? -- X - turn undead -- divine ? -- Your skills at the end: Fighting Skills Weapon Skills mace [Basic] Spellcasting Skills clerical spells [Basic] Final Attributes: You were piously aligned. You were sleep resistant. You had infravision. You were lucky. You had extra luck. Bad luck did not time out for you. Good luck did not time out for you. You are dead. Vanquished creatures: a lizard 2 Uruk-hai a fog cloud a shrieker 8 gnome lords a gnomish wizard 9 dwarves a giant bat 2 coyotes 3 hobbits a hobgoblin 27 gnomes 6 garter snakes 2 geckos 5 jackals a kobold 3 goblins 2 sewer rats 4 grid bugs 2 lichens a kobold zombie 7 newts 90 creatures vanquished. Voluntary challenges: You used a wielded weapon 89 times, starting on turn 2. You read items or engraved 1 time, starting on turn 897. You never genocided any monsters. You never polymorphed an object. You never changed form. You used no wishes. You never split a pudding. You never wrote Elbereth's name. You never violated your personal moral code. Dungeon overview: The Dungeons of Doom: levels 1 to 2 Level 1 a long staircase Level 2 stairs to The Gnomish Mines The Gnomish Mines: levels 3 to 6 Level 3 stairs to The Dungeons of Doom Level 4 Level 5 Level 6 <- You were here some shops, some fountains, some trees History has recorded: On T:1 you entered the Dungeons of Doom to retrieve the Amulet of Yendor! On T:377 you advanced to experience level 2. On T:436 you reached level 2 of The Dungeons of Doom. On T:771 you reached level 1 of The Gnomish Mines. On T:786 you advanced to experience level 3. On T:805 you advanced to experience level 4. On T:1194 you reached level 2 of The Gnomish Mines. On T:1241 you advanced to experience level 5. On T:1567 you reached level 3 of The Gnomish Mines. On T:1627 you advanced to experience level 6. On T:2115 you reached level 4 of The Gnomish Mines. Score breakdown: Gold: 169 ( 7587 points) Experience: 6 levels (12456 points) Exploration: 6 levels ( 12.77%) ( 9890 points) Discoveries: 6 items ( 2.09%) ( 4337 points) Valuables value: (no points given unless you survive) Artifact value: 0 ( 0 points) Variety of kills: 22 monsters ( 5.77%) ( 7208 points) Turncount: 2384 turns ( -260 points) Survival: died (score multiplied by 80%) Total score: 32974 Latest messages: The magic missile hits the gray unicorn. The magic missile bounces! Never mind. You displace Qwerty. The gray unicorn butts! The gray unicorn misses. (2x) The gray unicorn just misses! The magic missile hits the gray unicorn. The magic missile bounces! The gray unicorn butts! The gray unicorn misses. The gray unicorn just misses! The gray unicorn kicks! The gray unicorn butts! The gray unicorn kicks! You die... Final status: Goodbye Kringle the Priest, killed by a gray unicorn... You died in The Gnomish Mines on dungeon level 6 with 32974 points, and 169 pieces of gold, after 2384 moves. You were level 6 with a maximum of 41 hit points when you died.